 Dungeon Crawl Stone Soup version 0.25-a0-404-gc1b5a34292 (webtiles) character file.

Game seed: 13290615499688607404, levelgen mode: deterministic

83 kae the Gusty (level 4, -2/33 HPs)
             Began as a Draconian Air Elementalist on Jan 10, 2020.
             Slain by an orc wizard
             ... wielding a +2 dagger of speed
              (6 damage)
             ... on level 3 of the Dungeon.
             The game lasted 00:02:44 (3278 turns).

kae the Gusty (Draconian Air Elementalist)          Turns: 3278, Time: 00:02:45

Health: -2/33      AC:  6    Str: 10    XL:     4   Next: 22%
Magic:  2/7        EV: 12    Int: 17    God:
Gold:   115        SH:  0    Dex: 11    Spells: 2/8 levels left

rFire    . . .     SeeInvis .   (no weapon)
rCold    . . .     Gourm    .   (no shield)
rNeg     . . .     Faith    .   (armour unavailable)
rPois    .         Spirit   .   (helmet restricted)
rElec    .         Reflect  .   g - +0 cloak
rCorr    .         Harm     .   (no gloves)
MR       .....                  (no boots)
Stlth    ++........             (no amulet)
HPRegen  0.11/turn              (no ring)
MPRegen  0.10/turn              (no ring)

@: no status effects
A: unfitting armour, cold-blooded, AC +5
a: no special abilities


You were on level 3 of the Dungeon.
You were not hungry.

You visited 1 branch of the dungeon, and saw 3 of its levels.

You collected 115 gold pieces.

Inventory:

Armour
 g - a +0 cloak (worn)
Jewellery
 e - an uncursed amulet of the gourmand
Wands
 m - a wand of disintegration (16)
Scrolls
 c - a scroll of teleportation
 j - 2 scrolls of identify
Potions
 d - a potion of cancellation
 f - a potion of curing {unknown}
 i - a potion of berserk rage {unknown}
 k - a potion of resistance {unknown}
 l - a potion of heal wounds {unknown}
Comestibles
 b - 4 rations
 n - a chunk of flesh


   Skills:
 - Level 1.7 Dodging
 - Level 1.7 Stealth
 + Level 2.6 Spellcasting
 + Level 2.1 Conjurations
 * Level 4.2 Air Magic


You had 2 spell levels left.
You knew the following spells:

 Your Spells              Type           Power        Failure   Level  Hunger
a - Shock                 Conj/Air       ##..         4%          1    #......
b - Static Discharge      Conj/Air       ##......     14%         3    ###....
c - Swiftness             Chrm/Air       #.......     12%         2    ##.....

Your spell library contained the following spells:

 Spells                   Type           Power        Failure   Level  Hunger
 Airstrike                Air            ###.......   32%         4    #####..
 Lightning Bolt           Conj/Air       ##........   80%         5    ######.


Dungeon Overview and Level Annotations

Branches:
Dungeon (3/15)

Altars:
Dithmenos
Nemelex Xobeh


Innate Abilities, Weirdness & Mutations

Your plain brown scales are hard. (AC +5)
You cannot fit into any form of body armour.
You are cold-blooded and may be slowed by cold attacks.


Message History

The orc wizard hits you with a +2 dagger of speed.
You closely miss the orc wizard. You tail-slap the orc wizard.
The orc wizard is moderately wounded.
The orc wizard gestures at you while chanting.
The puff of frost hits you!
The orc wizard hits you with a +2 dagger of speed.
* * * LOW HITPOINT WARNING * * *
It was a potion of flight.
You feel very buoyant.
You fly up into the air.
The orc wizard gestures at you while chanting.
The puff of frost hits you.
* * * LOW HITPOINT WARNING * * *
It was a potion of cancellation.
Your magical effects are unravelling.
You feel magically purged.
Your magical contamination has completely faded away.
You float gracefully downwards.
The orc wizard hits you with a +2 dagger of speed.
You die...

***#.####............#*,# *,**,,,
,,,.......)..######..#*,* *,*****
**,#######...# #..#*,* *,*
*,.......)..# #..#*,# *,*
*,#######.)#######..##.# *,* *,*
#......b......(###,***** *,*
#...######........,,,,,, **,*
######..######)####..#,***** ,,,*
#..........@ob.####..#.*****
**,**#.####..#######.......b,,,,,
,,,,,........###.....######.*****
*****######......###.######.#
##..>..# #......†.#
#####.###.######## #.....#
#######


You could see an orc wizard and a bat.

Vanquished Creatures
  2 adders (D:2)
  A dart slug (D:1)
  7 leopard geckos
  4 orcs (D:3)
  3 bats
  2 giant cockroaches
  8 goblins
  4 hobgoblins
  5 kobolds
  A quokka (D:2)
  3 ball pythons
  2 frilled lizards
  6 rats
48 creatures vanquished.

Notes
Turn   | Place    | Note
-------+----------+-------------------------------------------
     0 | D:1      | kae the Draconian Air Elementalist began the quest for the
                  | Orb.
     0 | D:1      | Reached XP level 1. HP: 14/14 MP: 3/3
   351 | D:1      | Reached XP level 2. HP: 15/20 MP: 1/5
  1321 | D:1      | Reached XP level 3. HP: 26/26 MP: 4/6
  1989 | D:2      | Found a shadowy altar of Dithmenos.
  2497 | D:2      | Reached skill level 4 in Air Magic
  2770 | D:2      | Found a sparkling altar of Nemelex Xobeh.
  3017 | D:3      | Reached XP level 4. HP: 33/33 MP: 0/7
  3217 | D:3      | Learned a level 2 spell: Swiftness
  3221 | D:3      | Learned a level 3 spell: Static Discharge
  3278 | D:3      | Slain by an orc wizard

Levels and vault maps discovered:
D:1:      minmay_arrival_cross, layout_basic
D:2:      layout_loops_ring, lemuel_doored_altar,
          grunt_dithmenos_smoke_and_mirrors
D:3:      layout_loops_ring

Skill      XL: |  1  2  3 |
---------------+----------+-----
Air Magic      | 4 |  4.2
Conjurations   | 2 |  2.1
Dodging        | |  1.7
Stealth        | |  1.7
Spellcasting   | |  2.6

Action                   |  1- 3 |  4- 6 || total
-------------------------+-------+-------++-------
Melee: Unarmed           |    79 |    42 ||   121
       Tailslap          |    10 |     7 ||    17
 Cast: Shock             |    75 |    16 ||    91
       Static Discharge  |       |     1 ||     1
  Use: Scroll            |     5 |       ||     5
       Potion            |       |     2 ||     2
 Stab: Sleeping          |     2 |       ||     2
  Eat: Chunk             |     4 |     1 ||     5
       Ration            |     1 |       ||     1
Armor: Skin              |    37 |    20 ||    57
Dodge: Dodged            |    57 |    23 ||    80

Table legend:
 A = Non-vault XP
 B = Vault XP
 C = Vault XP percentage of total XP
 D = Non-vault monster count
 E = Vault monster count
 F = Vault count percentage of total count
                 A         B        C        D         E       F
            +---------+---------+-------+---------+---------+-------
      Total |     119 |       0 |   0.0 |      48 |       0 |   0.0
            +---------+---------+-------+---------+---------+-------
        D:1 |      42 |       0 |   0.0 |      21 |       0 |   0.0
        D:2 |      53 |       0 |   0.0 |      16 |       0 |   0.0
        D:3 |      24 |       0 |   0.0 |      11 |       0 |   0.0
            +---------+---------+-------+---------+---------+-------
